Map: Rifts to Korhal

Players

Dvgan

  • Race: Terran Terran

larsgj

  • Race: Zerg Zerg

VOD

Have the link to the VOD?

Description

Time

  • Played on: Dec. 26, 2022, 7:54 a.m.
  • Length: 28:42
Show
View Real Time Build Order
Export as new Build Order

Dvgan Terran 

Build Orders:  

Get SALT Encoding   

  12  0:18  Refinery  
  12  0:24  Refinery  
  12  1:17  Barracks  
  12  2:13  SCV  
  13  2:21  SCV  
  13  2:29  SCV  
  15  2:38  Supply Bunker, Dominion Trooper x6  
  21  2:47  Supply Bunker  
  21  3:13  Marauder  
  21  3:19  SCV  
  26  6:35  Engineering Bay  
  26  7:23  Earthsplitter Ordinance  
  26  7:56  Earthsplitter Ordinance  
  26  8:30  Earthsplitter Ordinance  
  24  9:34  Earthsplitter Ordinance  
  24  10:05  Earthsplitter Ordinance  
  24  10:20  Earthsplitter Ordinance  
  22  10:59  SCV  
  23  11:07  SCV  
  24  11:15  SCV  
  25  11:23  SCV  
  26  12:53  Supply Bunker, Dominion Trooper x6  
  32  13:07  Marauder  
  36  13:37  Marauder  
  39  17:43  Supply Bunker, Dominion Trooper x6  
  28  22:38  Supply Bunker, Dominion Trooper x6  
Show
View Real Time Build Order
Export as new Build Order

larsgj Zerg 

Build Orders:  

Get SALT Encoding   

  12  0:09  Infested SCV  
  13  0:11  Infested SCV  
  13  0:18  Infested SCV  
  15  0:32  Overlord  
  15  0:42  Overlord  
  15  0:58  Overlord  
  15  1:09  Infested Barracks  
  15  1:13  Infested SCV  
  16  1:24  Infested Refinery  
  16  1:34  Infested Refinery  
  16  2:12  Infested SCV  
  16  2:13  Infested SCV x3  
  20  2:31  Infested SCV  
  20  2:34  Infested Marine  
  20  2:37  Infested Barracks Tech Lab  
  22  2:58  Infested SCV x2  
  28  3:11  Infested Bunker  
  28  3:38  Infested Marine x2  
  28  3:39  Infested Marine x2  
  32  3:43  Retinal Augmentation  
  32  3:53  Infested Engineering Bay  
  32  4:02  Infestation Level 1  
  31  4:25  Infested Marine x6  
  31  4:26  Infested Marine x2  
  39  4:30  Overlord  
  39  4:35  Overlord  
  39  4:57  Unknown  
  39  5:15  Infested Marine  
  39  5:16  Infested Marine x9  
  45  5:31  Stukov Infantry Weapons Level 1  
  45  5:35  Infested Marine x3  
  45  5:36  Infested Marine  
  45  6:11  Infested Bunker  
  45  6:30  Infested Marine  
  45  6:31  Infested Marine x9  
  55  6:47  Infestation Level 2  
  33  7:32  Infested Marine  
  33  7:33  Infested Marine x9  
  41  7:47  Infested Command Center  
  41  7:49  Infested SCV  
  42  7:55  Infested SCV  
  43  8:01  Infested SCV  
  43  8:04  Infested SCV  
  45  8:11  Stukov Infantry Armor Level 1  
  45  8:12  Infested SCV  
  46  8:32  Infested Factory  
  46  8:50  Infested Missile Turret  
  36  9:28  Infested Marine  
  36  9:29  Infested Marine x9  
  50  10:01  Infested Bunker  
  50  10:08  Infested SCV x5  
  55  10:46  Infested SCV x2  
  55  10:48  Infested Armory, Infested Missile Turret  
  55  10:49  Overlord, Infested SCV  
  58  10:51  Stukov Infantry Weapons Level 2  
  58  10:53  Overlord  
  48  11:43  Infested Marine  
  48  11:44  Infested Marine x9  
  58  12:10  Infested SCV x4  
  58  12:11  Infested SCV  
  57  12:40  Infested Barracks  
  57  12:47  Infested Barracks  
  56  12:52  Overlord  
  56  12:54  Overlord  
  56  12:55  Overlord  
  56  12:56  Overlord  
  56  12:57  Overlord  
  56  13:00  Infested SCV  
  56  13:01  Infested SCV x2  
  56  13:38  Infested Marine  
  56  13:39  Infested Marine x9  
  66  14:01  Stukov Infantry Armor Level 2  
  66  14:14  Infested Marine x5  
  66  14:15  Infested Marine x9  
  66  14:16  Infested Marine x7  
  70  15:47  Stukov Vehicle and Ship Weapons Level 1  
  56  16:03  Infested Refinery  
  56  16:09  Infested Bunker  
  64  16:20  Infested Bunker  
  64  16:25  Infested Missile Turret  
  64  16:27  Overlord x4  
  64  16:28  Overlord  
  64  16:37  Infested Refinery  
  64  16:53  Infested Missile Turret  
  64  16:58  Infested Marine x9  
  64  16:59  Infested Marine x21  
  94  17:11  Stukov Infantry Weapons Level 3  
  94  17:28  Infested Marine x8  
  94  17:29  Infested Marine x10  
  112  17:44  Infested Missile Turret  
  110  18:03  Infested Factory Tech Lab  
  102  18:21  Infested Starport  
  102  18:24  Infested Marine  
  102  18:25  Infested Marine x18  
  102  18:26  Infested Marine x11  
  102  18:27  Stukov Vehicle and Ship Armor Level 1  
  101  19:03  Infested Marine  
  101  19:04  Infested Marine x13  
  101  19:05  Infested Marine x8  
  116  19:31  Infested Marine  
  116  19:32  Infested Marine x16  
  103  20:24  Infested Marine  
  103  20:25  Infested Marine x21  
  103  20:26  Infested Marine x8  
  103  20:51  Stukov Infantry Armor Level 3  
  96  21:07  Infested Marine  
  96  21:08  Infested Marine x18  
  96  21:09  Infested Marine x5  
  118  21:21  Infested Starport Tech Lab  
  118  21:34  Stukov Vehicle and Ship Weapons Level 2  
  118  22:05  Infested Marine x3  
  118  22:06  Infested Marine x25  
  118  22:07  Infested Marine x2  
  116  22:43  Infested Marine x2  
  116  22:44  Infested Marine x19  
  115  23:08  Infested Marine x8  
  115  23:09  Infested Marine x7  
  130  23:10  Infested Marine  
  93  23:54  Infested Marine  
  93  23:55  Infested Marine x16  
  93  23:56  Infested Marine x3  
  113  24:08  Infested Barracks  
  113  24:14  Infested Marine  
  113  24:15  Infested Marine x16  
  113  24:16  Infested Marine  
  110  24:31  Infested Barracks  
  110  24:35  Infested Marine  
  110  24:36  Infested Marine x12  
  123  24:44  Stukov Vehicle and Ship Armor Level 2  
  115  25:02  Infested Marine x8  
  115  25:03  Infested Marine x7  
  125  25:11  Infested Barracks  
  125  25:18  Infested Marine  
  125  25:19  Infested Marine x11  
  127  25:25  Infested Marine  
  127  25:26  Infested Marine x6  
  121  25:42  Infested Marine  
  121  25:43  Infested Marine x15  
  124  25:58  Infested Marine x8  
  124  25:59  Infested Marine x7  
  119  26:09  Infested Marine x10  
  122  26:10  Infested Marine  
  123  26:21  Infested Marine  
  123  26:22  Infested Marine x15  
  139  26:31  Infested Marine  
  139  26:32  Infested Marine x11  
  126  27:18  Infested Marine  
  126  27:19  Infested Marine x17  
  141  27:20  Infested Marine x25  
Tags
 
Commander
MengskStukov
Matchup
Co-op
Replay Pack
Multiplayer
Add a new tag
Caveats
  • Supply blocks, unpowered buildings, or Contaminate may cause inaccurate times.
  • Supply counts are checked every 10 seconds.